cohdb
Replays
Latest Replays
All Replays
Popular Replays
Top Player Replays
Match Explorer
How It Works
Community
CoH3 Stats
Reddit
Sign in to upload your games and track your stats! →
Sign in with Steam
Match 24125810
Unlisted
Match 24125810
Overview
Messages
Build Orders
End
Vickers Machine Gun Team
Construct Section Command Post
Dingo Light Scout Car
Infantry Section
Selects Indian Artillery Battlegroup
Selects Towed ML 4.2-inch Heavy Mortar
Towed ML 4.2-inch Heavy Mortar
Construct Platoon Command Post
Humber Armored Car
Selects War Cry
Selects Gurkha Rifles Section
Gurkha Rifles Section
Construct Company Command Post
Matilda II Heavy Tank
Foot Guards Section
Selects Volunteer Infantry
Selects Off-map Airburst Barrage
Off-map Airburst Barrage
Foot Guards Section
Matilda II Heavy Tank
Off-map Airburst Barrage
Off-map Airburst Barrage
Matilda II Heavy Tank
Off-map Airburst Barrage
SneaKerz
gb_gbg
𓂀 𝕊𝕆𝕃𝔼ℕ𝕐𝔸
RV
0
0
Comments
sign in to comment!
No comments posted yet!